 Dungeon Crawl Stone Soup version 0.19.1-1-g22dce08 (webtiles) character file.

126009 Alarkh the Severer (level 16, -24/125 HPs)
             Began as a Demonspawn Monk on Jan 3, 2017.
             Was the Champion of Dithmenos.
             Killed from afar by a shock serpent (25 damage)
             ... with a bolt of electricity
             ... on level 3 of the Snake Pit on Jan 4, 2017.
             The game lasted 01:18:32 (27628 turns).

Alarkh the Severer (Demonspawn Monk)               Turns: 27628, Time: 01:18:33

Health: -24/125    AC: 21    Str: 13    XL:     16   Next: 42%
Magic:  0/21       EV: 17    Int: 17    God:    Dithmenos [******]
Gold:   586        SH:  0    Dex: 23    Spells: 2 memorised, 10 levels left

rFire  + + .     SeeInvis +     a - +3 battleaxe (drain)
rCold  + . .     Gourm    .     K - +2 ring mail "Rodasy" {rPois Slay+2}
rNeg   . . .     Faith    .     (shield currently unavailable)
rPois  +         Spirit   +     (helmet unavailable)
rElec  .         Reflect  .     n - +2 cloak {rF+}
rCorr  .         Harm     .     w - +0 pair of gloves {Dex+3}
MR     ++...                    E - +2 pair of boots {run}
Stlth  +++++++++.               r - amulet of regeneration
                                G - ring of the Messenger {rF+ rC+ MR+ SInv}
                                V - +4 ring of protection

@: lethally poisoned (-24 -> -24), about to teleport, wreathed by umbra,
constricted, quick
A: antennae 3, agile 2, low mp 1, powered by death 1, regeneration 1, magic
shield, magic regeneration, sturdy frame 2
a: Shadow Step, Shadow Form, Renounce Religion


You were on level 3 of the Snake Pit.
You worshipped Dithmenos.
Dithmenos was exalted by your worship.
You were not hungry.

You visited 5 branches of the dungeon, and saw 27 of its levels.
You also visited: Volcano.

You collected 2870 gold pieces.
You spent 2284 gold pieces at shops.

Inventory:

Hand Weapons
 a - a +3 battleaxe of draining (weapon)
 b - a +1 trident of protection
 t - a +1 executioner's axe of electrocution
 z - a +6 war axe of venom
Armour
 n - a +2 cloak of fire resistance (worn)
 w - a +0 pair of gloves of dexterity (worn)
 E - a +2 pair of boots of running (worn)
 K - the +2 ring mail "Rodasy" (worn) {rPois Slay+2}
   (You found it on level 6 of the Lair of Beasts)

   It affects your accuracy and damage with ranged weapons and melee attacks
   (+2).
   It protects you from poison.
 M - a +2 pair of gloves
 U - a +1 cloak of poison resistance
Jewellery
 f - an uncursed ring of flight
 h - an uncursed amulet of rage
 i - an uncursed ring of positive energy
 r - an amulet of regeneration (around neck)
 G - the ring of the Messenger (right hand) {rF+ rC+ MR+ SInv}
   (You found it on level 1 of the Lair of Beasts)

   [ring of see invisible]

   It protects you from fire.
   It protects you from cold.
   It affects your resistance to hostile enchantments.
   It lets you see invisible.
 T - an uncursed amulet of magic regeneration
 V - a +4 ring of protection (left hand)
Wands
 j - a wand of polymorph (13/24)
 o - a wand of digging (9/24)
 s - a wand of lightning (10/15)
 v - a wand of disintegration (18/24)
 y - a wand of hasting (4/9)
 P - a wand of paralysis (10/24)
 R - a wand of teleportation (5/9)
Scrolls
 e - a scroll of identify
 k - 8 scrolls of remove curse
 l - 3 scrolls of magic mapping
 q - a scroll of silence
 x - 4 scrolls of teleportation
 A - 2 scrolls of recharging
 I - 5 scrolls of fog
 N - a scroll of amnesia
Potions
 d - a potion of flight
 g - 3 potions of resistance
 m - 8 potions of curing
 p - 2 potions of heal wounds
 u - 2 potions of haste
 B - 2 potions of agility
 C - 2 potions of cancellation
 D - a potion of brilliance
 H - 2 potions of might
Books
 J - a book of Callings

   Spells                             Type                      Level
   a - Summon Small Mammal            Summoning                    1
   b - Call Imp                       Summoning                    2
   c - Call Canine Familiar           Summoning                    3
   d - Summon Guardian Golem          Hexes/Summoning              3
   e - Summon Lightning Spire         Summoning/Air                4
   f - Summon Ice Beast               Ice/Summoning                4
 L - a book of Dreams

   Spells                             Type                      Level
   a - Ensorcelled Hibernation        Hexes/Ice                    2
   b - Silence                        Hexes/Air                    5
   c - Darkness                       Hexes                        6
   d - Shadow Creatures               Summoning                    6
Miscellaneous
 F - a fan of gales
 O - a phial of floods
Comestibles
 c - 16 bread rations
 Q - 2 slices of pizza
 S - a royal jelly
 W - 12 chunks of flesh


   Skills:
 + Level 11.2 Fighting
 * Level 16.0 Axes
 + Level 10.2 Armour
 + Level 11.0 Dodging
 + Level 10.9 Stealth
 + Level 2.2 Spellcasting
 + Level 2.3 Summonings
 + Level 10.3 Evocations


You had 10 spell levels left.
You knew the following spells:

 Your Spells              Type           Power        Failure   Level  Hunger
a - Summon Ice Beast      Ice/Summ       #.......     96%         4    #####..
e - Silence               Hex/Air        #.........   100%        5    ######.


Dungeon Overview and Level Annotations

Branches:
Dungeon (15/15)            Temple (1/1) D:7            Lair (6/6) D:10
 Shoals (0/4) Lair:2        Snake (3/4) Lair:4        Slime (0/5) Lair:6
    Orc (2/2) D:9             Elf (0/3) Orc:2        Vaults (0/5) D:14
 Depths (0/5) D:15

Altars:
Ashenzari
Cheibriados
Dithmenos
Elyvilon
Fedhas
Gozag
Hepliaklqana
Kikubaaqudgha
Makhleb
Nemelex Xobeh
Okawaru
Qazlal
Ru
Sif Muna
Trog
Uskayaw
Vehumet
Xom
Yredelemnul
Zin
The Shining One

Shops:
D:5 %   D:6 [   D:7 *   Orc:2 !%}[   Snake:1 [}*(}


Innate Abilities, Weirdness & Mutations

You have a pair of large antennae on your head. (SInv)
You regenerate a little health from kills.
When hurt, damage is shared between your health and your magic reserves.
You regenerate magic rapidly.
Your movements are less encumbered by armour. (ER -4)
You are very agile. (Dex +4)
Your magical capacity is low. (-10% MP)
Your natural rate of healing is unusually fast.


Message History

The mana viper is severely wounded.
You barely miss the anaconda.
Your shadow closely misses the mana viper.
Your shadow hits the anaconda with a battleaxe!
The anaconda bites you but does no damage.
* * * LOW HITPOINT WARNING * * *
The anaconda constricts you. The mana viper closely misses you.
The anaconda closely misses you.
* * * LOW HITPOINT WARNING * * *
The anaconda constricts you.
The mana viper bites you but does no damage.
The shock serpent barely misses you.
You feel much better.
You feel sick. The anaconda bites you.
* * * LOW HITPOINT WARNING * * *
x2 The anaconda constricts you.
The mana viper misses you.
The shock serpent shoots out a bolt of lightning at you!
The bolt of electricity hits you!
* * * LOW HITPOINT WARNING * * *
You emit a cloud of dark smoke.
The bolt of electricity hits you!
You die...

# . #.
...##§#
#...S###
#S@§#
......§S§#
###....§§#
###....#
##..=.
#.....
..##.. #.
...


You could see an anaconda, a shock serpent and a mana viper.

Vanquished Creatures
  Saint Roka (Snake:2)
  Gastronok (Lair:1)
  Nessos (Lair:5)
  Azrael (D:15)
  The ghost of kae the Basher, a journeyman FoFi of Okawaru (Lair:2)
  Josephine (D:11)
  4 hydras
  5 naga warriors
  5 anacondas
  5 centaur warriors
  2 catoblepae
  2 alligators
  10 death yaks
  An ogre mage (D:15)
  A deep troll shaman (Lair:6)
  4 shock serpents
  4 orc high priests
  4 naga sharpshooters
  Nergalle (Lair:3)
  8 skeletal warriors
  A glowing orange brain (D:15)
  5 unseen horrors
  A deep troll (D:14)
  3 wizards (D:14)
  5 naga ritualists
  A flayed ghost (D:14)
  5 hill giants
  9 orc knights
  A lindwurm (Lair:6)
  7 mana vipers
  2 wolf spider zombies (D:15)
  An oklob plant (Lair:1)
  10 ugly things
  3 deep elf magi
  2 cyclopes
  A manticore (D:14)
  5 orc sorcerers
  6 elephants
  5 salamanders
  A guardian serpent (shapeshifter) (D:12)
  2 centaur zombies (D:14)
  The ghost of hhkb the Chiller, a novice DEIE (D:4)
  2 gargoyles
  6 naga magi
  2 guardian serpents (Snake:1)
  22 black mambas
  11 spiny frogs
  A freezing wraith (D:14)
  A tengu conjurer (D:15)
  An efreet (D:13)
  8 komodo dragons
  4 rime drakes
  A meliai (shapeshifter) (D:15)
  A hornet (D:15)
  A polar bear (Lair:2)
  A polar bear (shapeshifter) (D:15)
  7 two-headed ogres
  8 trolls
  5 dream sheep (Lair:6)
  Grinder (D:4)
  13 blink frogs
  9 hippogriffs
  6 slime creatures
  A meliai zombie (D:15)
  Sigmund (D:5)
  4 wraiths (D:11)
  6 wyverns
  4 hogs (D:7)
  A human (D:7)
  3 fire elementals (D:15)
  2 fire bats (Volcano)
  Grum (Lair:1)
  2 steam dragons
  3 hungry ghosts
  18 yaks
  A golden eye (shapeshifter) (D:14)
  2 basilisks
  2 mottled dragons
  20 nagas
  2 wargs (Orc:1)
  9 water moccasins
  A water moccasin (shapeshifter) (D:15)
  A soldier ant (D:10)
  9 porcupines
  5 hell hounds
  An eye of draining (D:14)
  35 orc warriors
  4 black bears
  The ghost of Paps the Skirmisher, an amateur DsAK of Lugonu (D:3)
  19 ogres
  3 phantoms
  7 centaurs
  19 wolves
  11 crocodiles
  Blork the orc (Orc:2)
  3 big kobolds
  12 bullfrogs
  2 gnoll sergeants
  A water moccasin zombie (D:12)
  2 wyvern zombies
  A wyvern skeleton (D:14)
  4 scorpions
  5 killer bees (D:12)
  11 wights
  6 howler monkeys
  2 crimson imps (D:9)
  3 bullfrog zombies
  A wyvern simulacrum (D:14)
  A quasit (D:9)
  24 orc priests
  Crazy Yiuf (D:2)
  13 hounds
  5 jellies
  32 orc wizards
  2 bullfrog skeletons
  5 centaur skeletons
  Natasha (thrice) (D:2)
  Ijyb (D:3)
  4 iguanas
  14 worker ants
  A hound skeleton (D:6)
  A howler monkey zombie (D:8)
  14 adders
  5 gnolls
  7 shadow imps
  6 oozes
  An adder zombie (D:5)
  3 adder skeletons
  4 worms
  2 dart slugs
  5 leopard geckos
  111 orcs
  5 bats
  7 giant cockroaches
  7 hobgoblins
  16 jackals
  4 quokkas
  2 ball pythons
  A frilled lizard (D:2)
  3 goblins
  16 kobolds
  A leopard gecko skeleton (D:4)
  5 rats
  7 fungi
  2 plants
843 creatures vanquished.

Vanquished Creatures (collateral kills)
  A salamander (Volcano)
1 creature vanquished.

Vanquished Creatures (others)
  A lindwurm (shapeshifter) (D:14)
  A naga mage (Snake:2)
  A black mamba (Snake:1)
  A two-headed ogre (Volcano)
  A blink frog (Lair:6)
  An orc warrior (Snake:3)
  A black bear (Lair:6)
  A centaur (Volcano)
  2 orc wizards
  13 fungi
  4 plants
27 creatures vanquished.

Grand Total: 871 creatures vanquished

Notes
Turn   | Place    | Note
-------+----------+-------------------------------------------
     0 | D:1      | Alarkh the Demonspawn Monk began the quest for the Orb.
     0 | D:1      | Reached XP level 1. HP: 18/18 MP: 1/1
   430 | D:1      | Reached skill level 3 in Axes
   772 | D:2      | Gained mutation: You regenerate a little health from kills. [demonic ancestry]
   772 | D:2      | Reached XP level 2. HP: 15/24 MP: 2/2
   862 | D:2      | Gained mutation: You have a pair of small antennae on your head. [demonic ancestry]
   862 | D:2      | Reached XP level 3. HP: 23/29 MP: 3/3
   897 | D:2      | Found a runed door.
   985 | D:2      | Reached skill level 4 in Axes
  1046 | D:2      | Noticed Natasha
  1064 | D:2      | Killed Natasha
  1064 | D:2      | Reached XP level 4. HP: 20/35 MP: 4/4
  1408 | D:2      | Noticed Natasha
  1631 | D:2      | Killed Natasha
  1777 | D:2      | Noticed Natasha
  1785 | D:2      | Killed Natasha
  1785 | D:2      | Reached skill level 5 in Axes
  1808 | D:2      | Noticed Crazy Yiuf
  1818 | D:2      | Killed Crazy Yiuf
  1818 | D:2      | Gained mutation: When hurt, damage is shared between your health and your magic reserves. [demonic ancestry]
  1818 | D:2      | Reached XP level 5. HP: 18/41 MP: 5/5
  1936 | D:3      | Noticed Ijyb
  1939 | D:3      | Noticed Paps's ghost (amateur DsAK)
  2034 | D:3      | Killed Ijyb
  2230 | D:3      | Reached skill level 6 in Axes
  2260 | D:3      | Found a shattered altar of Ashenzari.
  2471 | D:3      | Killed Paps's ghost
  2471 | D:3      | Gained mutation: You have a pair of antennae on your head. [demonic ancestry]
  2471 | D:3      | Reached XP level 6. HP: 47/47 MP: 2/6
  2843 | D:4      | Reached skill level 7 in Axes
  3073 | D:4      | Gained mutation: You have a pair of large antennae on your head. (SInv) [demonic ancestry]
  3073 | D:4      | Reached XP level 7. HP: 52/52 MP: 3/7
  3173 | D:4      | Noticed hhkb's ghost (novice DEIE)
  3382 | D:4      | Noticed Grinder
  3386 | D:4      | Gained mutation: Your magical capacity is low. (-10% MP) [potion of mutation]
  3386 | D:4      | Gained mutation: You are agile. (Dex +2) [potion of mutation]
  3386 | D:4      | Gained mutation: You are very agile. (Dex +4) [potion of mutation]
  3397 | D:4      | Killed Grinder
  3397 | D:4      | Reached skill level 8 in Axes
  3463 | D:4      | Killed hhkb's ghost
  3463 | D:4      | Reached skill level 9 in Axes
  3463 | D:4      | Gained mutation: You regenerate magic rapidly. [demonic ancestry]
  3463 | D:4      | Reached XP level 8. HP: 58/58 MP: 2/7
  3785 | D:4      | Reached skill level 1 in Armour
  4606 | D:5      | Entered Level 5 of the Dungeon
  4606 | D:5      | Found Vecil's Food Emporium.
  5234 | D:5      | Reached skill level 10 in Axes
  5234 | D:5      | Reached XP level 9. HP: 63/65 MP: 8/8
  5266 | D:5      | Noticed Sigmund
  5486 | D:5      | Killed Sigmund
  5631 | D:5      | Reached skill level 1 in Evocations
  6436 | D:6      | Found Zyvyll's Armour Boutique.
  6547 | D:6      | Found an ancient bone altar of Kikubaaqudgha.
  6549 | D:6      | Found a hide-covered altar of Uskayaw.
  6580 | D:7      | Reached skill level 5 in Fighting
  6828 | D:7      | Found a glowing golden altar of the Shining One.
  6948 | D:7      | Reached skill level 5 in Dodging
  6952 | D:7      | Gained mutation: Your movements are slightly less encumbered by armour. (ER -2) [demonic ancestry]
  6952 | D:7      | Reached XP level 10. HP: 38/74 MP: 4/10
  7315 | D:7      | Found Betann's Hallowed Reliquary.
  7335 | D:7      | Reached skill level 11 in Axes
  7345 | D:7      | Found a white marble altar of Elyvilon.
  7345 | D:7      | Noticed an angel
  7399 | D:7      | Found an iron altar of Okawaru.
  7415 | D:7      | Found a snail-covered altar of Cheibriados.
  7493 | D:7      | Found a staircase to the Ecumenical Temple.
  7548 | Temple   | Entered the Ecumenical Temple
  7755 | Temple   | Became a worshipper of Dithmenos the Shadowed
  7755 | Temple   | Reached * piety under Dithmenos
  7755 | Temple   | Reached ** piety under Dithmenos
  8301 | D:8      | Found a bloodstained altar of Trog.
  8304 | D:8      | Found a burning altar of Makhleb.
  8304 | D:8      | Noticed an unseen horror
  8317 | D:8      | Killed an unseen horror
  8323 | D:8      | Found a deep blue altar of Sif Muna.
  8700 | D:9      | Found a staircase to the Orcish Mines.
  8723 | D:9      | Reached *** piety under Dithmenos
  8995 | D:9      | Found a shimmering altar of Xom.
  9296 | D:10     | Entered Level 10 of the Dungeon
  9357 | D:10     | Reached skill level 5 in Armour
  9357 | D:10     | Reached XP level 11. HP: 81/81 MP: 12/12
  9546 | D:10     | Reached skill level 5 in Stealth
  9572 | D:10     | Found a staircase to the Lair.
  9914 | D:11     | Noticed Josephine
  9929 | D:11     | Killed Josephine
 10143 | D:11     | Reached **** piety under Dithmenos
 10268 | D:11     | Noticed an unseen horror
 10269 | D:11     | Noticed an unseen horror
 10377 | D:11     | Noticed a purple ugly thing
 10382 | D:11     | Noticed an unseen horror
 10389 | D:11     | Killed a purple ugly thing
 10389 | D:11     | Reached skill level 12 in Axes
 10389 | D:11     | Reached skill level 5 in Evocations
 10404 | D:11     | Killed an unseen horror
 10571 | D:11     | Noticed a hill giant
 10580 | D:11     | Killed a hill giant
 10623 | D:11     | Noticed a hill giant
 10634 | D:11     | Killed a hill giant
 10733 | D:11     | Noticed an unseen horror
 10742 | D:11     | Killed an unseen horror
 10749 | D:11     | Noticed a cyan ugly thing
 10761 | D:11     | Killed a cyan ugly thing
 10965 | D:12     | Noticed a skeletal warrior
 10965 | D:12     | Noticed a skeletal warrior
 10965 | D:12     | Noticed a skeletal warrior
 11055 | Lair:1   | Entered Level 1 of the Lair of Beasts
 11056 | Lair:1   | Noticed Grum
 11064 | Lair:1   | Killed Grum
 11111 | Lair:1   | Noticed an oklob plant
 11193 | Lair:1   | Noticed Gastronok
 11358 | D:6      | Bought a +4 chain mail of fire resistance for 441 gold pieces
 11785 | Lair:2   | Noticed kae's ghost (journeyman FoFi)
 11806 | Lair:2   | Killed kae's ghost
 11806 | Lair:2   | Reached XP level 12. HP: 91/91 MP: 14/14
 11824 | Lair:2   | Found a staircase to the Shoals.
 11885 | Lair:2   | Reached ***** piety under Dithmenos
 12691 | Lair:3   | Noticed Nergalle
 12710 | Lair:3   | Killed Nergalle
 13001 | Lair:3   | Noticed a six-headed hydra
 13006 | Lair:3   | Killed a six-headed hydra
 13898 | Lair:4   | Reached skill level 13 in Axes
 14019 | Lair:4   | Noticed a death yak
 14019 | Lair:4   | Noticed a death yak
 14019 | Lair:4   | Noticed a death yak
 14020 | Lair:4   | Found a staircase to the Snake Pit.
 14020 | Lair:4   | Noticed a death yak
 14083 | Lair:4   | Found a dark tunnel.
 14088 | Volcano  | Entered a volcano
 14629 | Lair:4   | Noticed a death yak
 14629 | Lair:4   | Noticed a death yak
 14650 | Lair:4   | Killed a death yak
 14668 | Lair:4   | Noticed an eight-headed hydra
 15245 | Lair:4   | Killed a death yak
 15247 | Lair:4   | Killed a death yak
 15253 | Lair:4   | Reached XP level 13. HP: 78/99 MP: 13/16
 16226 | Lair:5   | Noticed Nessos
 16391 | Lair:6   | Entered Level 6 of the Lair of Beasts
 17101 | Lair:5   | Killed Nessos
 17443 | Lair:1   | Killed Gastronok
 17832 | Lair:1   | Got a pitted lapis lazuli ring
 17833 | Lair:1   | Identified the ring of the Messenger {rF+ rC+ MR+ SInv} (You found it on level 1 of the Lair of Beasts)
 17976 | Orc:1    | Entered Level 1 of the Orcish Mines
 18604 | Orc:2    | Entered Level 2 of the Orcish Mines
 18642 | Orc:2    | Found a staircase to the Elven Halls.
 18711 | Orc:2    | Noticed Blork the orc
 18797 | Orc:2    | Killed Blork the orc
 18997 | Orc:2    | Found Pibiag's Antique Armour Shoppe.
 19031 | Orc:2    | Paralysed by an orc sorcerer for 7 turns
 19033 | Orc:2    | HP: 2/101 [ice devil[an orc sorcerer] (8)]
 19323 | Orc:2    | Reached ****** piety under Dithmenos
 19323 | Orc:2    | Reached skill level 14 in Axes
 19373 | Orc:2    | Paralysed by an orc sorcerer for 6 turns
 19680 | Orc:2    | Found Juigecul's Distillery.
 19691 | Orc:2    | Gained mutation: Your movements are less encumbered by armour. (ER -4) [demonic ancestry]
 19691 | Orc:2    | Reached XP level 14. HP: 98/108 MP: 16/18
 19722 | Orc:2    | Found Cushreff's Gadget Boutique.
 19722 | Orc:2    | Found Yczeury's Food Boutique.
 19747 | Orc:2    | Bought a bloodstained leather armour for 217 gold pieces
 19832 | Orc:2    | Identified the cursed +0 leather armour "Wumpacec" {Int+6 Dex+4} (You bought it in a shop on level 2 of the Orcish Mines)
 19897 | Orc:2    | Bought a wand of digging (11/24) for 390 gold pieces
 20481 | Lair:6   | Found a staircase to the Slime Pits.
 20791 | Lair:6   | Found a shadowy altar of Dithmenos.
 21145 | Lair:6   | Got a smoking dagger
 21149 | Lair:6   | Identified the +11 dagger "Yfimube" {flame, rElec rN+} (You found it on level 6 of the Lair of Beasts)
 21369 | Lair:6   | Reached skill level 10 in Fighting
 21402 | Lair:6   | Got a steaming ring mail
 21580 | Lair:6   | Identified the +2 ring mail "Rodasy" {rPois Slay+2} (You found it on level 6 of the Lair of Beasts)
 23311 | D:13     | Found a shadowy altar of Dithmenos.
 23419 | D:14     | Reached skill level 15 in Axes
 23445 | D:14     | Reached XP level 15. HP: 67/115 MP: 9/19
 23737 | D:14     | Found a gate to the Vaults.
 24252 | D:15     | Entered Level 15 of the Dungeon
 24252 | D:15     | Noticed Azrael
 24307 | D:14     | Reached skill level 10 in Dodging
 24607 | D:15     | Found a hide-covered altar of Uskayaw.
 24622 | D:15     | Gained mutation: Your natural rate of healing is unusually fast. [potion of beneficial mutation]
 24730 | D:15     | Reached skill level 10 in Stealth
 24803 | D:15     | Found a staircase to the Depths.
 25138 | D:15     | Killed Azrael
 25561 | Lair:2   | Learned a level 5 spell: Silence
 25651 | Snake:1  | Entered Level 1 of the Snake Pit
 25699 | Snake:1  | Identified a scroll of acquirement
 25736 | Snake:1  | Found Udul Egi's Antique Armour Boutique.
 25737 | Snake:1  | Found Wiuveosi's Weapon Shop.
 25737 | Snake:1  | Found Reoppus's General Store.
 25740 | Snake:1  | Found Zereng's Gadget Shop.
 25747 | Snake:1  | Reached skill level 10 in Evocations
 25754 | Snake:1  | Bought a wand of disintegration (18/24) for 396 gold pieces
 25793 | Snake:1  | Bought a pair of embroidered gloves for 420 gold pieces
 25793 | Snake:1  | Bought a pair of runed boots for 420 gold pieces
 25808 | Snake:1  | Identified a +2 pair of boots of running (You bought it in a shop on level 1 of the Snake Pit)
 25851 | Snake:1  | Found Xakhufac's Gadget Emporium.
 26452 | Snake:1  | Learned a level 4 spell: Summon Ice Beast
 26617 | Snake:2  | Reached skill level 10 in Armour
 26617 | Snake:2  | Reached XP level 16. HP: 114/125 MP: 19/21
 26622 | Snake:2  | Reached skill level 1 in Spellcasting
 26721 | Snake:2  | Reached skill level 1 in Summonings
 27565 | Snake:3  | Noticed Saint Roka
 27608 | Snake:2  | Killed Saint Roka
 27608 | Snake:2  | Reached skill level 16 in Axes
 27627 | Snake:3  | HP: 5/125 [anaconda (2)]
 27628 | Snake:3  | HP: 1/125 [shock serpent/bolt of electricity (16)]
 27628 | Snake:3  | Killed from afar by a shock serpent

Skill      XL: |  1  2  3  4  5  6  7  8  9 10 11 12 13 14 15 16 |
---------------+-------------------------------------------------+-----
Axes           | 3 4 5 6 7 9 10 11 12 13 14 15 16 | 16.0
Armour         | 2 3 5 6 7 8 9 10 | 10.2
Dodging        | 3 5 6 7 8 9 10 11 | 11.0
Fighting       | 4 5 6 7 8 9 10 11 | 11.2
Stealth        | 3 4 6 7 8 9 10 | 10.9
Evocations     | 2 4 5 6 8 9 10 | 10.3
Spellcasting   | 2 |  2.2
Summonings     | 2 |  2.3

Action                   |  1- 3 |  4- 6 |  7- 9 | 10-12 | 13-15 | 16-18 || total
-------------------------+-------+-------+-------+-------+-------+-------++-------
Melee: Hand axe          |    82 |   280 |   346 |       |       |       ||   708
       War axe           |       |       |   135 |   685 |    45 |       ||   865
       Battleaxe         |       |       |       |       |  1504 |   180 ||  1684
       Trident           |       |       |       |       |    19 |       ||    19
 Abil: Evoke Berserk Rag |     1 |     4 |     4 |     2 |       |       ||    11
       Evoke Invisibilit |       |     2 |     1 |     1 |       |       ||     4
Evoke: Wand              |       |       |       |     3 |    13 |       ||    16
       Phial of floods   |       |       |       |     1 |     2 |       ||     3
  Use: Potion            |       |     6 |     7 |     2 |     5 |     1 ||    21
       Scroll            |       |     4 |    14 |    19 |    21 |     2 ||    60
 Stab: Sleeping          |     2 |     1 |     6 |    23 |    35 |     4 ||    71
       Invisible         |       |     4 |     4 |       |       |       ||     8
       Distracted        |       |       |     2 |     2 |    12 |       ||    16
       Petrified         |       |       |       |       |     2 |       ||     2
  Eat: Chunk             |     1 |    10 |    21 |    20 |    30 |     3 ||    85
       Pizza             |       |       |       |     1 |       |       ||     1
       Beef jerky        |       |       |       |     1 |       |       ||     1
       Fruit             |       |       |       |     1 |       |       ||     1
       Bread ration      |       |       |       |     2 |     1 |       ||     3
       Meat ration       |       |       |       |       |     1 |       ||     1
Armor: Robe              |    11 |       |       |       |       |       ||    11
       Ring mail         |    13 |    39 |       |       |   234 |    66 ||   352
       Leather armour    |       |    54 |   108 |    88 |    16 |       ||   266
       Skin              |       |       |    15 |       |       |       ||    15
       Chain mail        |       |       |       |   132 |       |       ||   132
       Scale mail        |       |       |       |    20 |   319 |       ||   339
Dodge: Dodged            |    59 |   178 |   258 |   444 |  1481 |   248 ||  2668
